AoeStats
← FexMaya

Arabia

509252070Analyzed
1v1 RM · 7d ago on Sep 26, 2026· 34m 51s· 2 players
Game mode
Random Map
Map size
Tiny (2 player)
Population
200
Speed
Normal
Resources
Standard
Victory
Conquest
Starting age
Dark Age
Ending age
Imperial Age
RankedLock teamsTeams togetherTeam positionsShared explorationLock speedFull tech treeHidden civsTurbo modeCheats
Victory
Defeat
🇹🇼 Huns · Taiwan
816
+17
🇬🇹 Maya · Guatemala
833
-17
m00157301
9:34 Feudal Age
10:50 Wheelbarrow
10:03 Double-Bit Axe
10:00 Horse Collar
19:11 Castle Age
16:54 Man-at-Arms
18:04 Gold Mining
19:29 Long Swordsman
20:26 Stone Mining
20:34 Pikeman
21:54 Squires
23:01 Scale Mail Armor
24:00 Heavy Plow
24:44 Bow Saw
FexMaya
0:35 Loom
10:57 Feudal Age
17:18 Fletching
18:07 Wheelbarrow
19:51 Castle Age
18:44 Fletching
19:56 Forging
19:47 Double-Bit Axe
19:57 Horse Collar
21:37 Squires
21:01 Pikeman
21:50 Crossbowman
23:24 Town Watch
24:24 Heavy Plow
26:33 Wheelbarrow
29:28 Gold Mining
29:30 Stone Mining
29:43 Town Patrol
30:01 Squires
31:34 Eagle Warrior
Connection lost

Rejoining the realm…

Still unreachable

The connection could not be restored.

Session expired

The server has moved on; the page needs a fresh start.